 Dungeon Crawl Stone Soup version 0.31-a0-816-gd61d57ddb1 (webtiles) character file.

Game seed: 5413323371503333771

1785 Ijustatesigmund the Magician (level 8, -1/44 HPs)
             Began as a Deep Elf Fire Elementalist on Sept 22, 2023.
             Was an Initiate of Vehumet.
             Killed by divine providence
             ... invoked by an orc priest
              (14 damage)
             ... on level 7 of the Dungeon.
             The game lasted 00:13:55 (6913 turns).

Ijustatesigmund the Magician (DEFE)                 Turns: 6913, Time: 00:13:55

Health: -1/44      AC:  4    Str:  5    XL:     8   Next: 81%
Magic:  5/21       EV: 15    Int: 23    God:    Vehumet [......]
Gold:   1353       SH:  5    Dex: 15    Spells: 15/22 levels left

rFire   + . .        c - staff of fire
rCold   . . .        (no shield)
rNeg    . . .        a - +0 robe
rPois   +            (no helmet)
rElec   .            j - +1 cloak
rCorr   .            (no gloves)
SInv    .            (no boots)
Will    .....        h - amulet of reflection
Stlth   ++           f - ring of poison resistance
HPRegen 0.27/turn    (no ring)
MPRegen 0.17/turn

%: reflection
@: no status effects
A: no striking features
a: Renounce Religion


You were on level 7 of the Dungeon.
You worshipped Vehumet.
Vehumet was noncommittal.
You visited 2 branches of the dungeon, and saw 8 of its levels.

You collected 1353 gold pieces.

Inventory:

Hand Weapons
 k - a +1 whip of draining
Armour
 a - a +0 robe (worn)
 j - a +1 cloak (worn)
Magical Staves
 c - a staff of fire (weapon)
Jewellery
 f - a ring of poison resistance (left hand)
 h - an amulet of reflection (around neck)
Wands
 w - a wand of digging (6)
 y - a wand of charming (9)
Scrolls
 g - 4 scrolls of identify
 m - a scroll of revelation
 o - 2 scrolls of brand weapon
 r - a scroll of immolation {unknown}
 s - a scroll of vulnerability {unknown}
 t - a scroll of teleportation
 u - a scroll of enchant weapon {unknown}
 x - a scroll of silence
 z - a scroll of noise {unknown}
Potions
 b - a potion of magic
 d - a potion of invisibility
 e - a potion of cancellation
 i - a potion of enlightenment
 l - 2 potions of curing
 n - 2 potions of brilliance {unknown}
 p - a potion of haste {unknown}
 q - 2 potions of degeneration {unknown}
 v - a potion of might {unknown}


   Skills:
 - Level 2.0 Fighting
 - Level 2.2 Staves
 + Level 6.1 Dodging
 - Level 2.4 Stealth
 + Level 7.9 Spellcasting
 + Level 6.1 Conjurations
 + Level 6.9 Fire Magic


You had 15 spell levels left.
You knew the following spells:

 Your Spells              Type           Power      Damage    Failure   Level
a - Foxfire               Conj/Fire      100%       2x1d9     1%          1
b - Scorch                Fire           100%       2d9       1%          2
c - Flame Wave            Conj/Fire      55%        2d13      4%          4

Your spell library contained the following spells:

 Spells                   Type           Power      Damage    Failure   Level
 Inner Flame              Hex/Fire       37%        N/A       4%          3
 Volatile Blastmotes      Fire/Tloc      74%        2d16      4%          3
 Sting                    Tmut/Pois      36%        1d4       7%          1
 Sublimation of Blood     Necr           9%         N/A       11%         2
 Wereblood                Tmut           9%         N/A       11%         2
 Gell's Gravitas          Tloc           9%         N/A       22%         3
 Teleport Other           Tloc           9%         N/A       22%         3
 Dispersal                Tloc           4%         N/A       100%        6
 Summon Hydra             Summ           4%         N/A       100%        7


Dungeon Overview and Level Annotations

Branches:
Dungeon (7/15)             Temple (1/1) D:7

Altars:
Ashenzari
Cheibriados
Dithmenos
Elyvilon
Fedhas
Gozag
Hepliaklqana
Kikubaaqudgha
Makhleb
Nemelex Xobeh
Okawaru
Qazlal
Ru
Sif Muna
Trog
Uskayaw
Vehumet
Wu Jian
Xom
Yredelemnul
Zin
The Shining One


Message History

The orc priest closely misses you.
You completely miss the orc priest.
The orc priest is almost dead.
The orc priest is no longer more vulnerable to fire.
You block the orc priest's attack.
Casting: Scorch (safe; 1% risk of failure)
Confirm with . or Enter, or press ? or * to list all spells.
You feel a surge of power!
Flames lash the orc.
You kill the orc!
Vehumet accepts your kill. The orc priest closely misses you.
The orc priest invokes the aid of Beogh against you.
Beogh smites you!
Casting: Scorch (safe; 1% risk of failure)
Confirm with . or Enter, or press ? or * to list all spells.
You feel a surge of power!
Flames lash the orc priest.
The orc priest is almost dead.
The orc priest's fire resistance burns away.
The orc priest hits you with a +0 whip. The orc priest barely misses you.
Casting: Scorch (safe; 1% risk of failure)
Confirm with . or Enter, or press ? or * to list all spells.
You feel a surge of power!
Flames lash the orc priest.
The orc priest is burned terribly!
You kill the orc priest!
Vehumet accepts your kill.
The orc priest hits you with a +0 flail!
* * * LOW HITPOINT WARNING * * *
Casting: Scorch (safe; 1% risk of failure)
Confirm with . or Enter, or press ? or * to list all spells.
You feel a surge of power!
Flames lash the orc priest.
The orc priest is severely wounded.
The orc priest's fire resistance burns away.
The orc priest barely misses you.
The orc priest hits you with a +0 flail.
* * * LOW HITPOINT WARNING * * *
You feel better.
The orc priest calls down the wrath of Beogh upon you.
Beogh smites you!
You die...

#.#############
#..<)o@.......#
#############.#
#.# #.# #.# #.#
#.# #.# #.#


You could see an orc priest (combustible).

Vanquished Creatures
  Prince Ribbit (D:5)
  3 water moccasins
  A sky beast (D:7)
  3 black bears
  An ice beast (D:5)
  2 phantoms
  A gnoll sergeant (D:6)
  2 bullfrogs (D:7)
  A scorpion (D:7)
  A hound (D:7)
  2 orc priests
  2 iguanas (D:5)
  2 orc wizards
  6 adders
  3 gnolls (D:6)
  3 white imps
  An ufetubus (D:4)
  4 dart slugs
  19 orcs
  5 endoplasms
  6 giant cockroaches
  5 goblins
  6 hobgoblins
  4 quokkas
  A ball python (D:2)
  6 bats
  4 frilled lizards
  11 kobolds
  5 rats
111 creatures vanquished.

Vanquished Creatures (others)
  277 foxfires
277 creatures vanquished.

Grand Total: 388 creatures vanquished

Notes
Turn   | Place    | Note
-------+----------+-------------------------------------------
     0 | D:1      | Ijustatesigmund the Deep Elf Fire Elementalist began the
                  | quest for the Orb.
     0 | D:1      | Reached XP level 1. HP: 10/10 MP: 6/6
   185 | D:1      | Identified a scroll of acquirement
   185 | D:1      | Acquired a staff of fire
   291 | D:1      | Reached XP level 2. HP: 16/16 MP: 6/8
   294 | D:1      | Learned a level 2 spell: Scorch
   770 | D:1      | Found a faded altar of an unknown god.
   785 | D:1      | Got a lithographed book
   952 | D:2      | Reached skill level 1 in Fighting
   952 | D:2      | Reached XP level 3. HP: 20/20 MP: 6/10
  1367 | D:2      | Noticed a black bear
  1377 | D:2      | Killed a black bear
  1378 | D:2      | Reached skill level 1 in Staves
  1378 | D:2      | Reached skill level 4 in Spellcasting
  1378 | D:2      | Reached XP level 4. HP: 25/25 MP: 7/12
  1378 | D:2      | Reached XP level 5. HP: 29/29 MP: 7/13
  1383 | D:2      | Learned a level 4 spell: Flame Wave
  1627 | D:3      | Found a glowing golden altar of the Shining One.
  2399 | D:3      | Found a shimmering altar of Xom.
  2748 | D:4      | Noticed a water moccasin
  2757 | D:4      | Killed a water moccasin
  2758 | D:4      | Reached XP level 6. HP: 32/35 MP: 4/15
  3652 | D:4      | Reached skill level 5 in Spellcasting
  4220 | D:5      | Entered Level 5 of the Dungeon
  4304 | D:5      | Noticed an ice beast
  4313 | D:5      | Killed an ice beast
  4314 | D:5      | Reached skill level 5 in Fire Magic
  4320 | D:5      | Reached XP level 7. HP: 17/40 MP: 8/17
  4915 | D:5      | Noticed Prince Ribbit
  4926 | D:5      | Killed Prince Ribbit
  4927 | D:5      | Reached skill level 6 in Spellcasting
  5525 | D:6      | Reached XP level 8. HP: 38/44 MP: 4/19
  5630 | D:6      | Reached skill level 5 in Conjurations
  6080 | D:7      | Reached skill level 5 in Dodging
  6369 | D:7      | Reached skill level 7 in Spellcasting
  6632 | D:7      | Found a staircase to the Ecumenical Temple.
  6646 | D:7      | Acquired 936 gold pieces
  6656 | Temple   | Entered the Ecumenical Temple
  6679 | Temple   | Became a worshipper of Vehumet
  6913 | D:7      | Killed from afar by an orc priest

Illustrated notes

Levels and vault maps discovered:
D:1:      lightli_arrival_boilingwater, layout_loops_ring,
          shapermc_ecumenical_altar_rom_forum
D:2:      layout_rooms
D:3:      minmay_inner_zag, layout_basic, mainiacjoe_overflow_alcove_1,
          lemuel_doored_altar
D:4:      layout_layer_cave, roderic_filled_cross
D:5:      layout_basic, uniq_prince_ribbit1
D:6:      layout_cave_pools
D:7:      layout_loops_ring, minmay_temple_entry_junction,
          chequers_serial_rivers_marsh, minmay_manual_maat
Temple:   mainiacjoe_temple_big_plus

Skill      XL: |  1  2  3  4  5  6  7  8 |
---------------+-------------------------+-----
Fighting       | 1 2 |  2.0
Conjurations   | 2 3 4 6 |  6.1
Staves         | 1 2 |  2.2
Spellcasting   | 4 5 6 7 |  7.9
Fire Magic     | 4 5 6 |  6.9
Dodging        | 3 4 6 |  6.1
Stealth        | |  2.4

Action                     |  1- 3 |  4- 6 |  7- 9 || total
---------------------------+-------+-------+-------++-------
  Melee: Staff             |       |       |     5 ||     5
   Cast: Foxfire           |    43 |    69 |    61 ||   173
         Scorch            |     8 |    15 |    39 ||    62
         Flame Wave        |       |       |     4 ||     4
    Use: Scroll            |     1 |     9 |     1 ||    11
         Potion            |       |       |     3 ||     3
 Armour: Robe              |    10 |    13 |    32 ||    55
  Dodge: Dodged            |     2 |     9 |    50 ||    61
  Block: Other             |       |       |     1 ||     1

Table legend: (Time is in decaauts)
 A = Elapsed time spent in this place.
 B = Non-inter-level travel time spent in this place.
 C = Inter-level travel time spent in this place.
 D = Time resting spent in this place.
 E = Time spent auto-exploring this place.
 F = Levels seen in this place.
 G = Mean time per level.
                   A        B        C        D        E       F      G
               +--------+--------+--------+--------+--------+-----+--------+
         Total |   6913 |   6728 |    185 |    973 |   4974 |   8 |  864.1 |
       Dungeon |   6867 |   6723 |    144 |    973 |   4974 |   7 |  981.0 |
        Temple |     45 |      5 |     40 |      0 |      0 |   1 |   45.0 |
               +--------+--------+--------+--------+--------+-----+--------+

Top non-repeatable levels by time:
     D:4: 1541 daAuts
     D:3: 1162 daAuts
     D:5: 985 daAuts
     D:1: 946 daAuts
     D:7: 851 daAuts
     D:6: 809 daAuts
     D:2: 569 daAuts
  Temple: 45 daAuts
